 Dungeon Crawl Stone Soup version 0.26.1-2-gb8aa6d0cf2 (webtiles) character file.

Game seed: 10788723881347103740

274 DearestLeader the Vexing (level 6, 0/28 HPs)
             Began as a Spriggan Enchanter on Mar 16, 2021.
             Was a Believer of Dithmenos.
             Killed from afar by an orc wizard (8 damage)
             ... with a puff of flame
             ... on level 5 of the Dungeon.
             The game lasted 00:12:26 (4567 turns).

DearestLeader the Vexing (Spriggan Enchanter)       Turns: 4567, Time: 00:12:26

Health: 0/28       AC:  2    Str:  4    XL:     6   Next: 3%
Magic:  0/11       EV: 18    Int: 18    God:    Dithmenos [**....]
Gold:   144        SH:  0    Dex: 17    Spells: 4/10 levels left

rFire    . . .     SeeInvis +   m - +2 dagger (venom)
rCold    . . .     Faith    .   (shield restricted)
rNeg     + . .     Spirit   .   b - +0 robe
rPois    .         Reflect  .   (helmet restricted)
rElec    .         Harm     .   (no cloak)
rCorr    .         Rampage  .   (gloves unavailable)
Will     +....                  (boots unavailable)
Stlth    ++++......             (no amulet)
HPRegen  0.09/turn              q - ring of flight
MPRegen  0.12/turn              t - ring of positive energy

@: lethally poisoned (0 -> -1), very slightly contaminated, wreathed by umbra,
very quick
A: very small, unfitting armour, see invisible, speed 3
a: Renounce Religion, Evoke Flight, Shadow Step


You were on level 5 of the Dungeon.
You worshipped Dithmenos.
Dithmenos was pleased with you.
You visited 1 branch of the dungeon, and saw 5 of its levels.

You collected 144 gold pieces.

Inventory:

Hand Weapons
 a - a +1 dagger
 m - a +2 dagger of venom (weapon)
Missiles
 g - a throwing net (quivered)
 p - 9 poisoned darts
Armour
 b - a +0 robe (worn)
Jewellery
 q - a ring of flight (left hand)
 t - a ring of positive energy (right hand)
Wands
 s - a wand of paralysis (12)
Scrolls
 d - 3 scrolls of blinking {unknown}
 e - a scroll of fog {unknown}
 h - 3 scrolls of remove curse {unknown}
 i - a scroll of enchant armour {unknown}
 k - 5 scrolls of identify {unknown}
 r - a scroll of random uselessness {unknown}
 u - a scroll of magic mapping {unknown}
 v - 2 scrolls of teleportation {unknown}
Potions
 c - a potion of resistance {unknown}
 f - 2 potions of curing {unknown}
 j - 2 potions of ambrosia {unknown}
 l - a potion of berserk rage {unknown}
 n - a potion of lignification {unknown}
 o - a potion of mutation {unknown}


   Skills:
 - Level 0.2 Fighting
 - Level 1.1 Short Blades
 - Level 3.0 Dodging
 + Level 6.8 Stealth
 - Level 2.6 Spellcasting
 * Level 6.8 Hexes
 - Level 0.7 Ice Magic
 + Level 0.3 Invocations


You had 4 spell levels left.
You knew the following spells:

 Your Spells              Type           Power        Failure   Level
a - Corona                Hex            30%          1%          1
b - Ensorcelled Hibernat  Hex/Ice        32%          5%          2
c - Tukima's Dance        Hex            27%          3%          3

Your spell library contained the following spells:

 Spells                   Type           Power        Failure   Level
 Confusing Touch          Hex            27%          3%          3
 Dazzling Flash           Conj/Hex       28%          12%         3


Dungeon Overview and Level Annotations

Branches:
Dungeon (5/15)
 Temple: D:4-7

Altars:
Dithmenos
Elyvilon
Gozag
Kikubaaqudgha
Nemelex Xobeh
Ru
Wu Jian


Innate Abilities, Weirdness & Mutations

You are very small and have problems with some larger weapons.
You are too small for most types of armour.
You have supernaturally acute eyesight. (SInv)
You cover ground extremely quickly.


Message History

Aiming: Ensorcelled Hibernation (safe; 5% risk of failure)
Press: ? - help, Shift-Dir - straight line, f/p - orc wizard
Aim: an orc wizard, wielding a +0 dagger and wearing a +0 robe (fast, slightly transparent, umbra, chance to affect: 47%)
The orc wizard resists with some effort.
The orc wizard hits you with a +0 dagger.
* * * LOW HITPOINT WARNING * * *
The orc wizard looks satisfied for a moment.
Casting: Ensorcelled Hibernation (safe; 5% risk of failure)
Confirm with . or Enter, or press ? or * to list all spells.
Aiming: Ensorcelled Hibernation (safe; 5% risk of failure)
Press: ? - help, Shift-Dir - straight line, f/p - orc wizard
Aim: an orc wizard, wielding a +0 dagger and wearing a +0 robe (fast, slightly transparent, umbra, chance to affect: 47%)
You miscast Ensorcelled Hibernation.
Nothing appears to happen.
The orc wizard completely misses you. The orc wizard casts a spell at you.
The orc wizard resists with some effort.
You closely miss the orc wizard.
The orc wizard gestures at you while chanting.
The puff of flame hits you!
You die...

########## #†...o...o
###############.########
#......@o...o.o.#
#.############### #.#
#.# #.# #.# #<# #.# #.#


You could see 2 orc wizards and an orc (wandering).

Vanquished Creatures
  A bullfrog skeleton (D:4)
  An iguana (D:5)
  12 adders
  An ooze (D:1)
  An adder skeleton (D:3)
  5 worms
  A dart slug (D:1)
  4 leopard geckos
  11 orcs
  2 giant cockroaches (D:3)
  8 goblins
  4 hobgoblins
  6 jackals
  A quokka (D:3)
  3 ball pythons
  3 bats
  5 frilled lizards
  6 kobolds
  A quokka skeleton (D:4)
  6 rats
82 creatures vanquished.

Notes
Turn   | Place    | Note
-------+----------+-------------------------------------------
     0 | D:1      | DearestLeader the Spriggan Enchanter began the quest for
                  | the Orb.
     0 | D:1      | Reached XP level 1. HP: 9/9 MP: 5/5
   265 | D:2      | Reached XP level 2. HP: 3/13 MP: 4/6
   519 | D:1      | Learned a level 2 spell: Ensorcelled Hibernation
   787 | D:1      | Found a sparkling altar of Nemelex Xobeh.
  1581 | D:2      | Reached XP level 3. HP: 16/16 MP: 8/8
  1601 | D:2      | Reached skill level 5 in Stealth
  1631 | D:2      | Found a shadowy altar of Dithmenos.
  1659 | D:2      | Became a worshipper of Dithmenos the Shadowed
  1743 | D:2      | Reached skill level 5 in Hexes
  2148 | D:2      | Found a white marble altar of Elyvilon.
  2148 | D:2      | Found a shadowy altar of Dithmenos.
  2149 | D:2      | Found an ornate altar of the Wu Jian Council.
  2233 | D:2      | Found an opulent altar of Gozag.
  2346 | D:3      | Reached XP level 4. HP: 21/21 MP: 9/9
  2350 | D:3      | Learned a level 3 spell: Tukima's Dance
  2811 | D:3      | Reached * piety under Dithmenos
  2898 | D:3      | Found a sacrificial altar of Ru.
  3209 | D:3      | Reached XP level 5. HP: 24/24 MP: 7/10
  3464 | D:4      | Found an ancient bone altar of Kikubaaqudgha.
  4332 | D:5      | Entered Level 5 of the Dungeon
  4353 | D:4      | Reached ** piety under Dithmenos
  4560 | D:5      | Reached XP level 6. HP: 20/28 MP: 7/11
  4567 | D:5      | Killed from afar by an orc wizard

Illustrated notes

Levels and vault maps discovered:
D:1:      co_arrival_random_square_maze, layout_basic, nemelex_altar_shiori
D:2:      layout_loops_ring, grunt_gozag_breadcrumbs,
          chequers_temple_overflow_statue_of_worship,
          nicolae_dithmenos_shadow_blocks
D:3:      layout_loops_corners, old_standard_altar,
          chequers_serial_rivers_room_b
D:4:      layout_basic, kiku_gazebo_garden_becter
D:5:      layout_loops_ring, evilmike_ruin_ashenzari, basic_altar,
          minmay_divided_ellipse

Skill      XL: |  1  2  3  4  5 |
---------------+----------------+-----
Hexes          | 4 5 6 |  6.8
Stealth        | 5 6 |  6.8
Fighting       | |  0.2
Short Blades   | |  1.1
Dodging        | |  3.0
Spellcasting   | |  2.6
Ice Magic      | |  0.7
Invocations    | |  0.3

Action                   |  1- 3 |  4- 6 || total
-------------------------+-------+-------++-------
Melee: Dagger            |    77 |   130 ||   207
 Cast: Corona            |     3 |     3 ||     6
       Ensorcelled Hiber |    15 |    24 ||    39
 Stab: Sleeping          |    17 |    32 ||    49
Armor: Robe              |     7 |     3 ||    10
Dodge: Dodged            |    48 |   102 ||   150
